 Dungeon Crawl Stone Soup version 0.30.1-1-g62c8e00024 (webtiles) character file.

Game seed: 15838622457207152498

116 shmup the Firebug (level 5, -1/28 HPs)
             Began as a Tengu Fire Elementalist on July 17, 2023.
             Succumbed to a scorpion's poison
             ... on level 3 of the Dungeon.
             The game lasted 00:07:04 (2533 turns).

shmup the Firebug (Tengu Fire Elementalist)         Turns: 2533, Time: 00:07:05

Health: -1/28      AC:  6    Str: 14    XL:     5   Next: 1%
Magic:  4/9        EV: 14    Int: 17    God:
Gold:   132        SH:  0    Dex: 15    Spells: 7/8 levels left

rFire   . . .        q - +1 dagger (venom)
rCold   . . .        (no shield)
rNeg    . . .        a - +0 robe
rPois   .            (helmet restricted)
rElec   .            (no cloak)
rCorr   .            (no gloves)
SInv    .            (boots unavailable)
Will    .....        (no amulet)
Stlth   ++           g - +4 ring of protection
HPRegen 0.24/turn    x - +6 ring of strength
MPRegen 0.11/turn

%: no passive effects
@: lethally poisoned (-1 -> -7), flying quickly and evasively, quick
A: beak, talons 3, nimble flight
a: no special abilities


You were on level 3 of the Dungeon.
You visited 1 branch of the dungeon, and saw 3 of its levels.

You collected 132 gold pieces.

Inventory:

Hand Weapons
 q - a +1 dagger of venom (weapon)
 s - a +1 short sword of freezing
Missiles
 h - 4 stones (quivered)
 k - 6 poisoned darts
 u - 5 curare-tipped darts
Armour
 a - a +0 robe (worn)
Jewellery
 g - a +4 ring of protection (left hand)
 x - a +6 ring of strength (right hand)
Scrolls
 c - a scroll of blinking {unknown}
 d - a scroll of teleportation {unknown}
 e - a scroll of silence {unknown}
 f - a scroll of enchant weapon {unknown}
 o - a scroll of amnesia {unknown}
 t - a scroll of enchant armour {unknown}
 v - a scroll of identify {unknown}
 w - a scroll of fear {unknown}
Potions
 b - a potion of magic
 i - 2 potions of mutation {unknown}
 j - a potion of brilliance {unknown}
 l - a potion of haste {unknown}
 m - a potion of might {unknown}
 n - 4 potions of heal wounds {unknown}
 p - a potion of cancellation {unknown}
 r - 3 potions of curing {unknown}


   Skills:
 - Level 2.1 Dodging
 - Level 2.0 Stealth
 - Level 2.0 Spellcasting
 + Level 3.5 Conjurations
 * Level 5.3 Fire Magic


You had 7 spell levels left.
You knew the following spells:

 Your Spells              Type           Power      Damage    Failure   Level
a - Foxfire               Conj/Fire      64%        2x1d7     3%          1

Your spell library contained the following spells:

 Spells                   Type           Power      Damage    Failure   Level
 Scorch                   Fire           38%        2d6       3%          2
 Inner Flame              Hex/Fire       10%        N/A       19%         3
 Volatile Blastmotes      Fire/Tloc      20%        2d11      19%         3
 Flame Wave               Conj/Fire      16%        2d7       30%         4


Dungeon Overview and Level Annotations

Branches:
Dungeon (3/15)

Altars:


Innate Abilities, Weirdness & Mutations

You have a beak for a mouth.
You have claws for feet.
Your magical nature lets you fly swiftly and evasively.


Message History

Casting: Foxfire (safe; 3% risk of failure)
Confirm with . or Enter, or press ? or * to list all spells.
You conjure some foxfire!
You feel very sick. The scorpion barely misses you.
You feel sick.
The foxfire hits the scorpion but does no damage.
The scorpion is heavily wounded.
The foxfire hits the scorpion.
The scorpion is heavily wounded.
The scorpion stings you.
* * * LOW HITPOINT WARNING * * *
Casting: Foxfire (safe; 3% risk of failure)
Confirm with . or Enter, or press ? or * to list all spells.
You conjure some foxfire!
You feel sick. The scorpion misses you. The scorpion closely misses you.
You feel sick.
The foxfire hits the scorpion but does no damage.
The scorpion is heavily wounded.
The foxfire hits the scorpion but does no damage.
The scorpion is heavily wounded.
The scorpion stings you.
* * * LOW HITPOINT WARNING * * *
Unknown command.
You feel sick.
You feel sick.
You feel sick.
You feel sick.
You are no longer poisoned.
The scorpion attacks as you move away! The scorpion completely misses you.
The scorpion attacks as you move away!
The scorpion stings you but does no damage.
The scorpion attacks as you move away!
The scorpion stings you but does no damage.
The scorpion attacks as you move away! The scorpion closely misses you.
The scorpion stings you.
* * * LOW HITPOINT WARNING * * *
You are lethally poisoned!
The scorpion poisons you!
You die...

▒.▒.▒.▒.▒.▒▒▒....................
......▒.▒.▒ ▒▒▒▒.................
▒.....▒.▒.▒ ▒........▒▒▒▒▒▒▒▒▒
..........▒ ▒ ▒........▒
▒.▒▒▒.▒▒..▒.▒ ▒........▒
▒.▒▒▒.▒▒..▒.▒▒▒▒[.......▒
....▒...................▒
▒.▒.▒▒▒...▒.▒▒▒▒▒.......▒▒▒▒▒▒▒
▒<....▒.▒...▒.s.Q.....▒.......▒▒▒
..▒.▒.▒.▒.▒▒▒.▒▒▒▒▒▒▒▒▒.......+^▒
....▒.....▒........▒ ▒.%.....▒.▒
....▒.▒▒▒▒▒.▒.▒▒▒▒.▒▒▒▒.▒+▒▒▒.▒.▒
............▒... ▒....▒.▒▒▒.▒.▒
...▒▒.▒▒▒▒▒▒▒▒▒▒▒▒▒▒.▒▒.▒.....▒'▒
... ▒.▒ ▒........▒▒.▒▒▒▒▒▒▒▒....
... ▒.▒ ▒.▒▒▒▒▒▒.▒▒........▒....
▒▒▒ ▒.▒ ▒.▒ ▒.▒▒'▒▒▒▒▒▒.▒....


You could see a scorpion.

Vanquished Creatures
  A jelly (D:3)
  3 adders
  An adder zombie (D:2)
  An adder skeleton (D:2)
  A dart slug (D:1)
  An orc (D:3)
  A bat skeleton (D:2)
  3 endoplasms
  A giant cockroach (D:2)
  4 hobgoblins
  2 kobolds (D:2)
  2 quokkas
  4 ball pythons
  5 ball python skeletons (D:2)
  A ball python zombie (D:2)
  3 bats
  6 frilled lizards
  5 goblins
  A quokka zombie (D:2)
  8 rats
54 creatures vanquished.

Vanquished Creatures (collateral kills)
  A foxfire (D:2)
1 creature vanquished.

Vanquished Creatures (others)
  161 foxfires
161 creatures vanquished.

Grand Total: 216 creatures vanquished

Notes
Turn   | Place    | Note
-------+----------+-------------------------------------------
     0 | D:1      | shmup the Tengu Fire Elementalist began the quest for the
                  | Orb.
     0 | D:1      | Reached XP level 1. HP: 10/10 MP: 4/4
   316 | D:1      | Reached XP level 2. HP: 15/15 MP: 4/6
   543 | D:1      | Reached skill level 4 in Fire Magic
   786 | D:1      | Found a faded altar of an unknown god.
  1091 | D:2      | Reached XP level 3. HP: 19/19 MP: 3/7
  1605 | D:2      | Reached XP level 4. HP: 24/24 MP: 6/8
  2191 | D:3      | Reached skill level 5 in Fire Magic
  2439 | D:3      | Gained mutation: Your magical nature lets you fly swiftly
                  | and evasively. [Tengu growth]
  2439 | D:3      | Reached XP level 5. HP: 28/28 MP: 6/9
  2532 | D:3      | HP: 1/28 [scorpion (5)]
  2533 | D:3      | Succumbed to a scorpion's poison

Illustrated notes

Levels and vault maps discovered:
D:1:      dpeg_arrival_chambers_temple_mockup, layout_basic,
          shapermc_ecumenical_altar_petra, minmay_misc_feat_enclosed,
          solitary_fountain
D:2:      layout_loops_ring, serial_undead, serial_undead_d, serial_undead_a,
          serial_undead_d, serial_undead_c, serial_undead_a, serial_undead_c,
          serial_undead_b, serial_undead_c, minmay_pentomino_q2
D:3:      layout_basic

Skill      XL: |  1  2  3  4 |
---------------+-------------+-----
Conjurations   | 2 3 |  3.5
Fire Magic     | 4 5 |  5.3
Dodging        | |  2.1
Stealth        | |  2.0
Spellcasting   | |  2.0

Action                     |  1- 3 |  4- 6 || total
---------------------------+-------+-------++-------
  Melee: Dagger            |     1 |     1 ||     2
   Cast: Foxfire           |    63 |    33 ||    96
 Armour: Robe              |     6 |     7 ||    13
  Dodge: Dodged            |     8 |    19 ||    27
